cohdb
Replays
Latest Replays
All Replays
Popular Replays
Top Player Replays
Match Explorer
How It Works
Community
CoH3 Stats
Reddit
Sign in to upload your games and track your stats! →
Sign in with Steam
Match 41851812
Unlisted
Match 41851812
Overview
Messages
Build Orders
End
Kradschützen Motorcycle Team
Panzerpioneer Squad
Panzerpioneer Squad
Panzerpioneer Squad
Construct Light Support Kompanie
MG34 Team
Fire Support Elements
Selects Armored Support Battlegroup
Selects Salvage Kits
MG34 Team
Assault Mechanized Group
Pak 38 Anti-tank Gun Team
Flakvierling Half-track
Selects Salvage Kits
Selects Veteran Gunners
2.5-tonne Medical Truck
Vehicle Survival Package
Tungsten Core Ammunition
Pak 38 Anti-tank Gun Team
Kradschützen Motorcycle Team
Construct Panzerarmee Kommand
Emergency Repair Kits
Panzer III L Medium Tank
Selects Panzer Storm
MG34 Team
Panzer III L Medium Tank
Selects Stuka Dive Bomb
Selects Stuka Dive Bomb
Rapid Advance
Panzer III L Medium Tank
Stuka Dive Bomb
Panzer III L Medium Tank
Stuka Dive Bomb
Jutge
L1n9oK3r
东京七姐妹的Live看的很开心
Толякриптовалюта
homig
kerem
ShadowStorm
Jesus is my man
0
0
Comments
sign in to comment!
No comments posted yet!